 Dungeon Crawl Stone Soup version 0.31-a0-931-g7b59d4eb97 (webtiles) character file.

Game seed: 14350179066818580581

291 IdlyInterested the Sneak (level 6, -4/66 HPs)
             Began as a Demonspawn Brigand on Oct 19, 2023.
             Slain by an orc
             ... wielding a +0 falchion
              (5 damage)
             ... on level 5 of the Dungeon.
             The game lasted 00:13:53 (2830 turns).

IdlyInterested the Sneak (Demonspawn Brigand)       Turns: 2830, Time: 00:13:56

Health: -4/66      AC: 13    Str: 15    XL:     6   Next: 10%
Magic:  9/9        EV:  4    Int: 20    God:
Gold:   164        SH:  0    Dex: 14    Spells: 9/9 levels left

rFire   . . .        q - +2 spear (venom)
rCold   . . .        (no shield)
rNeg    . . .        E - +0 plate armour
rPois   .            F - +0 helmet {Int+3}
rElec   .            c - +0 cloak
rCorr   .            (no gloves)
SInv    +            l - +0 pair of boots
Will    .....        (no amulet) Stlth
                     w - +6 ring of strength
HPRegen 0.31/turn    A - ring of see invisible
MPRegen 0.11/turn

%: no passive effects
@: confused, mighty, berserking, lethally poisoned (-4 -> -5), very quick
A: powered by pain 2, big brain 1, condensation shield, weak 1, MP-powered wands
a: no special abilities


You were on level 5 of the Dungeon.
You visited 2 branches of the dungeon, and saw 7 of its levels.

You collected 164 gold pieces.

Inventory:

Hand Weapons
 a - a +2 dagger
 q - a +2 spear of venom (weapon)
 t - a +0 short sword
 D - a +2 dagger of protection
Missiles
 d - 17 poisoned darts (quivered)
 e - 3 curare-tipped darts
 f - 33 stones
Armour
 b - a +0 robe
 c - a +0 cloak (worn)
 k - a +0 ring mail of positive energy
 l - a +0 pair of boots (worn)
 x - a +1 hat
 E - a +0 plate armour (worn)
 F - a +0 helmet of intelligence (worn)
Magical Staves
 z - a staff of poison
Jewellery
 w - a +6 ring of strength (left hand)
 A - a ring of see invisible (right hand)
Talismans
 G - a beast talisman
Wands
 C - a wand of flame (6)
Scrolls
 g - 2 scrolls of teleportation
 h - a scroll of vulnerability
 j - a scroll of amnesia
 m - a scroll of immolation
 n - a scroll of poison {unknown}
 r - a scroll of enchant armour {unknown}
 v - a scroll of silence {unknown}
 y - a scroll of noise {unknown}
 B - 2 scrolls of revelation {unknown}
Potions
 s - a potion of magic {unknown}
 u - a potion of ambrosia {unknown}


   Skills:
 + Level 2.2 Fighting
 - Level 2.0 Short Blades
 - Level 2.0 Throwing
 - Level 1.0 Armour
 - Level 1.0 Dodging
 - Level 5.7 Stealth
 + Level 2.2 Spellcasting
 * Level 1.8 Evocations


You had 9 spell levels left.
You didn't know any spells.
Your spell library contained the following spells:

 Spells                   Type           Power      Damage    Failure   Level
 Dazzling Flash           Conj/Hex       4%         N/A       100%        3
 Agony                    Necr           2%         N/A       100%        5
 Silence                  Hex/Air        1%         N/A       100%        5
 Malign Gateway           Summ/Tloc      1%         N/A       100%        7
 Summon Horrible Things   Summ           1%         N/A       100%        8


Dungeon Overview and Level Annotations

Branches:
Dungeon (6/15)             Temple (1/1) D:6

Altars:
Ashenzari
Cheibriados
Dithmenos
Fedhas
Gozag
Hepliaklqana
Nemelex Xobeh
Qazlal
Ru
Sif Muna
Wu Jian
Xom
Yredelemnul


Innate Abilities, Weirdness & Mutations

You sometimes gain power by taking damage.
You have an unusually large brain. (Int +2)
A meltable shield of frost defends you. (SH +4)
You are weak. (Str -2)
You expend magic power (3 MP) to strengthen your wands.


Message History

The orc wizard hits you but does no damage. x2
You bump into the rock wall.
You feel sick. The orc hits you but does no damage.
The orc wizard hits you but does no damage.
The orc wizard points at you and mumbles some strange words.
The magic dart hits you!
* * * LOW HITPOINT WARNING * * *
Unknown command.
You hit the orc wizard.
The orc wizard is poisoned.
The orc wizard is lightly wounded.
You feel sick. The adder barely misses you.
The adder bites you but does no damage. The orc hits you but does no damage.
The orc wizard hits you with a +0 dagger.
* * * LOW HITPOINT WARNING * * *
The orc wizard hits you but does no damage.
It was a potion of mutation.
You feel extremely strange.
You feel weaker.
You feel your magical essence link to the dungeon's wands.
You feel sick. The adder bites you but does no damage.
The orc hits you but does no damage.
The orc wizard hits you with a +0 dagger.
* * * LOW HITPOINT WARNING * * *
The orc wizard casts a spell at you.
You are more confused.
It was a potion of might.
You feel very mighty all of a sudden.
You feel sick. The adder bites you but does no damage.
The orc hits you with a +0 falchion.
* * * LOW HITPOINT WARNING * * *
The orc wizard gestures at you while chanting.
You resist with some effort.
The orc wizard gestures wildly while chanting.
The orc wizard flickers and vanishes for a moment.
It was a potion of berserk rage.
A red film seems to cover your vision as you go berserk!
You feel yourself moving faster!
You feel mighty!
* * * LOW HITPOINT WARNING * * *
You feel sick. The adder bites you but does no damage.
The orc hits you with a +0 falchion.
You die...

#.........#
#..........
#..........
#.^>.......
##..........
#...........
##...........
##S.###.......
#@o## >##.###
#..oo## .# ..#
.......o. .#
.. ..........
.........##
##########


You could see 2 orc wizards, an adder and 2 orcs.

Vanquished Creatures
  A scorpion (D:3)
  2 hounds
  An iguana (D:4)
  Robin (D:4)
  4 adders
  A worm (D:3)
  4 orcs
  11 ball pythons
  3 endoplasms
  5 giant cockroaches
  16 goblins
  11 hobgoblins
  2 jackals (D:2)
  4 quokkas
  4 bats
  3 frilled lizards
  5 kobolds
  6 rats
84 creatures vanquished.

Notes
Turn   | Place    | Note
-------+----------+-------------------------------------------
     0 | D:1      | IdlyInterested the Demonspawn Brigand began the quest for
                  | the Orb.
     0 | D:1      | Reached XP level 1. HP: 16/16 MP: 1/1
    95 | D:1      | Reached skill level 4 in Stealth
   249 | D:1      | Gained mutation: You have an unusually large brain. (Int
                  | +2) [demonic ancestry]
   249 | D:1      | Reached XP level 2. HP: 21/22 MP: 2/2
   272 | D:1      | Reached skill level 1 in Dodging
   716 | D:2      | Reached skill level 1 in Spellcasting
   737 | D:2      | Found a faded altar of an unknown god.
   883 | D:2      | Gained mutation: You sometimes gain a little power by
                  | taking damage. [demonic ancestry]
   883 | D:2      | Reached XP level 3. HP: 25/27 MP: 4/4
  1418 | D:3      | Reached skill level 1 in Armour
  1593 | D:3      | Found a broken altar of Ashenzari.
  1631 | D:3      | Reached skill level 1 in Evocations
  1679 | D:3      | Reached XP level 4. HP: 20/33 MP: 5/5
  2116 | D:4      | Noticed a scorpion
  2131 | D:3      | Killed a scorpion
  2132 | D:3      | Reached skill level 5 in Stealth
  2132 | D:3      | Gained mutation: A meltable shield of frost defends you.
                  | (SH +4) [demonic ancestry]
  2132 | D:3      | Reached XP level 5. HP: 16/38 MP: 5/8
  2304 | D:4      | Found an opulent altar of Gozag.
  2308 | D:4      | Found an ornate altar of the Wu Jian Council.
  2356 | D:4      | Noticed Robin
  2398 | D:4      | Killed Robin
  2745 | D:4      | You fall into a shaft and drop 2 floors!
  2754 | D:6      | Found a staircase to the Ecumenical Temple.
  2761 | Temple   | Entered the Ecumenical Temple
  2804 | D:5      | Entered Level 5 of the Dungeon
  2816 | D:5      | Gained mutation: You sometimes gain power by taking damage.
                  | [demonic ancestry]
  2816 | D:5      | Reached XP level 6. HP: 40/44 MP: 9/9
  2828 | D:5      | Gained mutation: You are weak. (Str -2) [potion of
                  | mutation]
  2828 | D:5      | Gained mutation: You expend magic power (3 MP) to
                  | strengthen your wands. [potion of mutation]
  2829 | D:5      | HP: 1/44 [orc/+0 falchion (2)]
  2830 | D:5      | Slain by an orc

Illustrated notes

Levels and vault maps discovered:
D:1:      saegor_arrival_simple_c, layout_rooms, serial_forest,
          infiniplex_forest_lined_room_, infiniplex_forest_3_way,
          infiniplex_forest_corner_2, infiniplex_forest_straight_3,
          infiniplex_forest_clump_tiny, infiniplex_forest_clump_small,
          infiniplex_forest_clump_tiny, minmay_tripent
D:2:      layout_basic, hellmonk_ecumenical_altar_crossroads
D:3:      layout_basic, ashenzari_altar_1
D:4:      layout_basic, mainiacjoe_overflow_catwalk, lemuel_crystal_altar,
          serial_shops, shop, guppyfry_early_lair_pool, uniq_robin
D:5:      layout_rooms, mainiacjoe_overflow_brackets, serial_shops,
          nicolae_square_shop, nicolae_the_louvre, uniq_sigmund
D:6:      layout_rooms, makhleb_blood_cavern_becter,
          minmay_temple_entry_statues_pillars, nicolae_good_shop
Temple:   oiseaux_autumnal_temple

Skill      XL: |  1  2  3  4 |
---------------+-------------+-----
Stealth        | 4 5 |  5.7
Short Blades   | 2 |  2.0
Throwing       | 2 |  2.0
Dodging        | 1 |  1.0
Spellcasting   | 1 2 |  2.2
Armour         | 1 |  1.0
Evocations     | 1 |  1.8
Fighting       | |  2.2

Action                     |  1- 3 |  4- 6 || total
---------------------------+-------+-------++-------
  Melee: Dagger            |    38 |       ||    38
         Spear             |    57 |    93 ||   150
    Use: Scroll            |     2 |     2 ||     4
         Potion            |     1 |     3 ||     4
   Stab: Sleeping          |    12 |     2 ||    14
 Armour: Robe              |     3 |       ||     3
         Ring mail         |    46 |    49 ||    95
         Plate armour      |       |    43 ||    43
  Dodge: Dodged            |    36 |    42 ||    78
  Block: Other             |       |    11 ||    11

Table legend: (Time is in decaauts)
 A = Elapsed time spent in this place.
 B = Non-inter-level travel time spent in this place.
 C = Inter-level travel time spent in this place.
 D = Time resting spent in this place.
 E = Time spent auto-exploring this place.
 F = Levels seen in this place.
 G = Mean time per level.
                   A        B        C        D        E       F      G
               +--------+--------+--------+--------+--------+-----+--------+
         Total |   2842 |   2473 |    369 |    216 |   1319 |   7 |  406.0 |
       Dungeon |   2840 |   2471 |    369 |    216 |   1319 |   6 |  473.3 |
        Temple |      1 |      1 |      0 |      0 |      0 |   1 |    1.0 |
               +--------+--------+--------+--------+--------+-----+--------+

Top non-repeatable levels by time:
     D:2: 852 daAuts
     D:1: 684 daAuts
     D:3: 675 daAuts
     D:4: 544 daAuts
     D:6: 57 daAuts
     D:5: 26 daAuts
  Temple: 1 daAuts
